 Dungeon Crawl Stone Soup version 0.20-a0-296-gf222164 (webtiles) character file.

1229 Da5id the Cleaver (level 8, -3/58 HPs)
             Began as a Formicid Fighter on Dec 14, 2016.
             Was a Priest of Uskayaw.
             Slain by a centaur (8 damage)
             ... on level 6 of the Dungeon.
             The game lasted 00:05:51 (4617 turns).

Da5id the Cleaver (Formicid Fighter)                Turns: 4617, Time: 00:05:52

Health: -3/58      AC: 10    Str: 24    XL:     8   Next: 77%
Magic:  5/13       EV:  8    Int:  7    God:    Uskayaw [***...]
Gold:   253        SH: 10    Dex: 15    Spells: 7/7 levels left

rFire  . . .     SeeInvis +     a - +0 war axe
rCold  . . .     Gourm    .     b - +0 scale mail
rNeg   . . .     Faith    .     c - +0 shield
rPois  +         Spirit   .     (helmet unavailable)
rElec  .         Reflect  .     i - +0 cloak
rCorr  .         Harm     .     u - +0 pair of gloves
MR     .....                    m - +0 pair of boots
Stlth  ..........               (no amulet)
                                v - ring of poison resistance
                                k - +5 ring of dexterity

@: no status effects
A: permanent stasis, dig shafts and tunnels, four strong arms, antennae 3
a: Dig, Shaft Self, Stomp, Line Pass, Renounce Religion


You were on level 6 of the Dungeon.
You worshipped Uskayaw.
Uskayaw was noncommittal.
You were not hungry.

You visited 1 branch of the dungeon, and saw 6 of its levels.

You collected 253 gold pieces.

Inventory:

Hand Weapons
 a - a +0 war axe (weapon)
Armour
 b - a +0 scale mail (worn)
 c - a +0 shield (worn)
 i - a +0 cloak (worn)
 m - a +0 pair of boots (worn)
 u - a +0 pair of gloves (worn)
Jewellery
 k - a +5 ring of dexterity (left hand)
 v - a ring of poison resistance (right hand)
Scrolls
 g - a scroll of noise {unknown}
 j - 6 scrolls of teleportation {unknown}
 l - a scroll of amnesia {unknown}
 n - 3 scrolls of immolation {unknown}
 p - a scroll of recharging {unknown}
 q - 6 scrolls of identify {unknown}
 r - a scroll of remove curse {unknown}
 t - a scroll of magic mapping {unknown}
 x - a scroll of enchant armour {unknown}
 y - a scroll of blinking {unknown}
 C - 2 scrolls of fog {unknown}
 F - a scroll of brand weapon {unknown}
Potions
 e - 2 potions of agility {unknown}
 h - a potion of cure mutation {unknown}
 o - 3 potions of degeneration {unknown}
 s - a potion of beneficial mutation {unknown}
 w - a potion of ambrosia {unknown}
 z - a potion of cancellation {unknown}
 A - 2 potions of haste {unknown}
Comestibles
 d - a slice of pizza
 f - 5 bread rations
 B - 2 beef jerkies
 D - 3 fruits
 E - 4 chunks of flesh


   Skills:
 - Level 3.2 Fighting
 + Level 8.1 Axes
 - Level 3.2 Armour
 - Level 3.6 Shields
 + Level 7.1 Invocations


You had 7 spell levels left.
You didn't know any spells.

Dungeon Overview and Level Annotations

Branches:
Dungeon (6/15)             Temple (0/1) D:4

Altars:
Cheibriados
Fedhas
Qazlal
Uskayaw

Shops:
D:6 (

Annotations:
D:4 exclusion: oklob plant


Innate Abilities, Weirdness & Mutations

You cannot be hasted, slowed, berserked, paralysed or teleported.
You can dig through walls and to a lower floor.
Your four strong arms can wield two-handed weapons with a shield.
You have a pair of large antennae on your head. (SInv)


Message History

Beogh smites you!
* * * LOW HITPOINT WARNING * * *
You stomp with the beat, sending a shockwave through the revelers around you!
You destroy the leopard gecko skeleton!
You kill the orc priest!
You feel somewhat more hungry.
The centaur shoots an arrow.
You block the arrow.
Uskayaw will force your foes to helplessly watch your dance.
The centaur shoots an arrow.
The arrow hits you.
* * * LOW HITPOINT WARNING * * *
Things that are here:
an arrow; a mace The centaur unwields an uncursed shortbow.
The centaur hits you.
* * * LOW HITPOINT WARNING * * *
The centaur barely misses you.
You barely miss the centaur. The centaur closely misses you.
You completely miss the centaur.
The centaur hits you but does no damage.
The centaur hits you!
You die...

#...........
#...........
#.....[.....
#...$.......
#...........
#....)......
#####...(.......
........(.......
#######.@....###
........c#####
#######...#
#...# ##..#
#..##### ##.#...
########.#.#
...........#


You could see a centaur.

Vanquished Creatures
  Sigmund (D:4)
  Edmund (D:4)
  An ogre (D:5)
  The ghost of WumbusTheBoofy the Sneak, an amateur OpAs of Dithmenos (D:6)
  2 scorpions (D:5)
  A howler monkey (D:6)
  A crimson imp (D:5)
  A centaur zombie (D:4)
  A hound (D:4)
  5 orc priests
  A jelly (D:5)
  A centaur skeleton (D:6)
  5 worker ants
  A hound zombie (D:5)
  A worker ant zombie (D:5)
  10 adders
  A shadow imp (D:5)
  2 oozes
  An adder skeleton (D:5)
  2 worms
  3 leopard geckos
  13 orcs
  4 giant cockroaches
  8 goblins
  14 hobgoblins
  7 jackals
  3 quokkas
  A ball python (D:1)
  3 bats
  5 frilled lizards
  4 kobolds
  A leopard gecko skeleton (D:6)
  A quokka skeleton (D:4)
  8 rats
115 creatures vanquished.

Vanquished Creatures (others)
  5 fungi (D:4)
5 creatures vanquished.

Grand Total: 120 creatures vanquished

Notes
Turn   | Place    | Note
-------+----------+-------------------------------------------
     0 | D:1      | Da5id the Formicid Fighter began the quest for the Orb.
     0 | D:1      | Reached XP level 1. HP: 18/18 MP: 1/1
   328 | D:1      | Reached XP level 2. HP: 19/24 MP: 2/2
   870 | D:1      | Reached skill level 3 in Axes
  1259 | D:2      | Reached XP level 3. HP: 29/29 MP: 3/3
  1504 | D:2      | Reached skill level 4 in Axes
  1504 | D:2      | Reached XP level 4. HP: 31/35 MP: 4/4
  1839 | D:2      | Found a hide-covered altar of Uskayaw.
  1898 | D:2      | Became a worshipper of Uskayaw the Reveler
  2065 | D:3      | Reached * piety under Uskayaw
  2173 | D:3      | Reached XP level 5. HP: 41/41 MP: 5/5
  2183 | D:3      | Reached ** piety under Uskayaw
  2202 | D:3      | Reached skill level 5 in Axes
  2277 | D:3      | Reached *** piety under Uskayaw
  2332 | D:3      | Reached skill level 1 in Invocations
  2479 | D:4      | Noticed Sigmund
  2484 | D:4      | Reached XP level 6. HP: 45/47 MP: 5/7
  2490 | D:4      | Killed Sigmund
  2490 | D:4      | Reached skill level 6 in Axes
  2577 | D:4      | Reached XP level 7. HP: 52/52 MP: 9/9
  2744 | D:4      | Found a staircase to the Ecumenical Temple.
  2799 | D:4      | Found a blossoming altar of Fedhas.
  2808 | D:4      | Noticed Edmund
  2823 | D:4      | Killed Edmund
  2835 | D:4      | Noticed an oklob plant
  3229 | D:5      | Entered Level 5 of the Dungeon
  3266 | D:5      | Reached skill level 5 in Invocations
  3498 | D:5      | Reached skill level 7 in Axes
  3498 | D:5      | Reached XP level 8. HP: 35/58 MP: 10/12
  4026 | D:5      | Found a snail-covered altar of Cheibriados.
  4027 | D:5      | Found a stormy altar of Qazlal.
  4537 | D:6      | Found Uroh Kem's Weapon Shop.
  4595 | D:6      | Noticed WumbusTheBoofy's ghost (amateur OpAs)
  4603 | D:6      | Killed WumbusTheBoofy's ghost
  4603 | D:6      | Reached skill level 8 in Axes
  4604 | D:6      | Reached **** piety under Uskayaw
  4617 | D:6      | Slain by a centaur

Vault maps used:
D:1:      lightli_arrival_statue_moat, hangedman_abyss_or_decor_stabs
D:2:      nicolae_overflow_hidden_temple, minmay_octomino_j4
D:3:      first_bread
D:4:      tgw_fedhas, uniq_sigmund, uniq_edmund
D:5:      gammafunk_temple_overflow_pools, kennysheep_generic_room_15
D:6:      nicolae_overflow_crystal_walls, serial_shops, shop

Skill      XL: |  1  2  3  4  5  6  7  8 |
---------------+-------------------------+-----
Axes           | 3 4 5 6 7 8 |  8.1
Invocations    | 1 3 5 7 |  7.1
Fighting       | |  3.2
Armour         | |  3.2
Shields        | |  3.6

Action                   |  1- 3 |  4- 6 |  7- 9 || total
-------------------------+-------+-------+-------++-------
Melee: War axe           |    94 |   107 |   187 ||   388
Invok: Stomp             |       |     1 |     4 ||     5
 Abil: Dig               |       |     1 |       ||     1
  Use: Potion            |       |     1 |       ||     1
 Stab: Paralysed         |       |       |     6 ||     6
  Eat: Chunk             |     2 |     4 |     7 ||    13
Armor: Scale mail        |    47 |    39 |    67 ||   153
Dodge: Dodged            |    33 |    37 |    64 ||   134
Block: Shield            |    70 |    55 |    94 ||   219
